Map: [ESL] Tropical Sacrifice

Players

Lambo

  • Race: Zerg Zerg
  • League: Master
  • Spawn Location: 7:00

Spirit (souL) - Winner!

  • Race: Terran Terran
  • Spawn Location: 1:00

Event: HomeStory Cup XXI

VOD

Have the link to the VOD?

Description

Time

  • Played on: July 23, 2022, 8:17 a.m.
  • Length: 26:37

All games in this series

Show
View Real Time Build Order
Export as new Build Order

Lambo Zerg 

Build Orders: Hatch First 

Get SALT Encoding   

  12  0:03  Drone  
  13  0:12  Overlord  
  13  0:17  Drone  
  14  0:31  Drone x2  
  16  0:49  Hatchery  
  15  0:52  Drone  
  15  0:55  Drone  
  17  0:59  Drone  
  18  1:10  Extractor  
  17  1:14  Spawning Pool  
  17  1:18  Drone  
  17  1:21  Drone  
  18  1:31  Drone  
  19  1:42  Drone  
  20  1:52  Drone  
  21  2:00  Queen x2  
  25  2:01  Zergling x4  
  27  2:11  Drone  
  27  2:13  Overlord  
  28  2:23  Hatchery  
  28  2:26  Drone  
  28  2:31  Drone  
  28  2:32  Drone  
  28  2:34  Drone  
  31  2:43  Queen  
  33  2:46  Overlord  
  33  2:54  Metabolic Boost  
  33  2:56  Drone  
  34  2:59  Drone x2  
  36  3:06  Drone x2  
  36  3:09  Queen  
  36  3:12  Drone  
  41  3:14  Drone  
  41  3:16  Drone  
  43  3:22  Drone  
  43  3:24  Overlord  
  43  3:26  Overlord  
  44  3:35  Drone x2  
  44  3:36  Queen  
  48  3:42  Queen  
  48  3:44  Drone x2  
  48  3:48  Drone  
  53  3:50  Drone x2  
  53  3:52  Drone  
  53  3:54  Drone x2  
  58  3:57  Overlord  
  58  4:01  Drone x2  
  60  4:04  Drone x2  
  62  4:10  Overlord  
  62  4:14  Drone x2  
  62  4:15  Queen  
  66  4:19  Overlord  
  66  4:25  Zergling x8  
  66  4:27  Queen  
  66  4:30  Extractor  
  71  4:33  Zergling x2  
  71  4:35  Drone  
  71  4:36  Drone  
  71  4:37  Lair  
  73  4:40  Baneling Nest, Drone  
  73  4:43  Spore Crawler x2  
  73  4:44  Spore Crawler  
  70  4:47  Drone x3  
  73  4:53  Zergling x4  
  73  4:54  Drone x2  
  73  4:56  Queen  
  79  5:03  Drone x5  
  84  5:09  Drone x3  
  84  5:12  Extractor  
  84  5:13  Extractor x3  
  83  5:16  Drone x2  
  85  5:21  Overlord  
  85  5:27  Drone  
  85  5:28  Overlord, Drone x2  
  88  5:29  Drone  
  88  5:33  Hatchery  
  88  5:34  Baneling  
  88  5:36  Overseer  
  88  5:37  Drone  
  88  5:39  Spire  
  88  5:40  Overseer  
  88  5:44  Drone x2, Baneling  
  88  5:49  Drone  
  91  5:52  Overlord  
  91  5:53  Drone  
  91  5:55  Centrifugal Hooks  
  91  5:56  Drone x5  
  97  5:58  Evolution Chamber  
  97  5:59  Evolution Chamber  
  97  6:02  Drone  
  97  6:03  Drone x3  
  98  6:10  Drone x5  
  103  6:16  Drone x4  
  107  6:24  Drone  
  108  6:26  Zerg Melee Weapons Level 1, Zerg Ground Armor Level 1  
  108  6:33  Zergling x10  
  113  6:42  Overlord x2, Baneling x2  
  113  6:47  Queen, Extractor  
  113  6:48  Overlord  
  113  6:50  Overlord  
  113  6:52  Spore Crawler, Overlord, Zergling x4  
  113  6:53  Zergling x8  
  119  6:54  Baneling x6  
  119  7:01  Overlord x2  
  119  7:02  Zergling x10  
  119  7:04  Zerg Flyer Weapons Level 1  
  124  7:10  Zergling x8  
  124  7:13  Baneling x4  
  127  7:15  Zergling x2  
  127  7:16  Zergling x4  
  129  7:25  Mutalisk x6  
  139  7:31  Mutalisk x3  
  139  7:35  Overlord  
  139  7:36  Mutalisk  
  146  7:38  Zergling x12  
  146  7:42  Drone x2  
  154  7:52  Drone x7  
  154  7:53  Hatchery  
  154  7:54  Zergling x2  
  154  7:56  Baneling  
  161  8:04  Zergling x16  
  169  8:17  Extractor, Hatchery  
  169  8:18  Mutalisk x4  
  175  8:24  Overlord  
  175  8:25  Overlord  
  175  8:27  Zerg Ground Armor Level 2, Overlord, Zerg Melee Weapons Level 2  
  171  8:33  Mutalisk x2  
  173  8:35  Drone x2  
  173  8:36  Overlord  
  173  8:40  Overlord  
  175  8:46  Mutalisk  
  175  8:47  Mutalisk x2  
  179  8:58  Pneumatized Carapace  
  179  8:59  Drone x16  
  195  9:03  Overseer  
  195  9:08  Zerg Flyer Armor Level 1  
  195  9:15  Zergling x8  
  199  9:22  Baneling x9, Zergling x2  
  199  9:23  Zergling x12  
  200  9:30  Spine Crawler  
  200  9:31  Extractor  
  198  9:33  Spore Crawler, Extractor  
  198  9:35  Infestation Pit  
  198  9:36  Zergling x10  
  198  9:46  Mutalisk  
  196  10:10  Hatchery  
  195  10:17  Hive  
  195  10:18  Mutalisk x2  
  198  10:23  Zergling x4  
  189  10:37  Zergling x44  
  186  10:44  Extractor  
  186  10:45  Mutalisk x7, Extractor  
  186  10:48  Zergling x2  
  186  10:49  Zergling x6  
  200  10:59  Zergling x2  
  200  11:02  Baneling x25  
  199  11:07  Baneling x7  
  199  11:15  Mutalisk x2, Baneling x8  
  199  11:17  Baneling  
  199  11:18  Baneling x2  
  199  11:21  Zerg Flyer Weapons Level 2  
  199  11:37  Hatchery  
  195  11:44  Zergling x8  
  195  11:45  Zergling x50  
  188  11:49  Zergling x10  
  188  11:50  Zergling x10  
  188  11:52  Zerg Ground Armor Level 3, Zerg Melee Weapons Level 3  
  188  11:53  Queen  
  190  11:55  Adrenal Glands  
  190  11:56  Drone x9  
  199  12:04  Baneling x6  
  199  12:05  Baneling x12  
  199  12:11  Ultralisk Cavern  
  199  12:12  Baneling x7  
  198  12:19  Overseer x2  
  198  12:29  Zergling x24  
  190  12:37  Zergling x2  
  190  12:38  Zergling x18  
  200  13:03  Hatchery  
  174  13:06  Zergling x34  
  177  13:13  Chitinous Plating  
  177  13:15  Ultralisk  
  177  13:16  Ultralisk x3  
  195  13:22  Zergling x8  
  197  13:32  Zergling x2  
  197  13:33  Zergling x36  
  197  13:39  Baneling x14  
  193  13:48  Extractor  
  192  13:49  Corruptor x4  
  200  14:07  Hatchery  
  200  14:09  Baneling x8  
  199  14:14  Overseer  
  199  14:20  Spore Crawler, Spine Crawler  
  199  14:21  Spore Crawler, Zerg Flyer Armor Level 2  
  196  14:27  Zergling x30  
  196  14:31  Zergling x2  
  198  14:42  Hatchery  
  198  14:44  Baneling x11  
  196  14:46  Zergling x8  
  196  14:49  Pathogen Glands  
  196  14:57  Zergling x60  
  181  15:02  Corruptor x2, Extractor  
  181  15:06  Zergling x8  
  163  15:10  Zergling x2  
  163  15:11  Zergling x6  
  168  15:21  Ultralisk x2  
  171  15:22  Corruptor x2  
  171  15:25  Drone x4  
  179  15:33  Ultralisk  
  179  15:34  Baneling x8  
  185  15:46  Corruptor  
  185  15:49  Ultralisk x2  
  196  16:01  Hatchery  
  195  16:05  Baneling x10  
  195  16:06  Zergling x14  
  192  16:21  Zergling x34  
  188  16:27  Zergling x2  
  188  16:28  Zergling x16  
  188  16:30  Burrow, Neural Parasite  
  192  16:35  Overlord  
  192  16:41  Overseer x3  
  192  16:45  Overlord  
  183  16:50  Drone x3  
  171  16:54  Infestor  
  171  16:55  Infestor x3  
  175  17:11  Infestor x4  
  175  17:14  Hatchery  
  180  17:18  Zergling x4  
  182  17:32  Greater Spire  
  182  17:39  Hatchery  
  181  17:48  Infestor x3  
  181  17:57  Overseer  
  173  18:14  Infestor  
  171  18:26  Corruptor x2  
  171  18:27  Corruptor x2  
  171  18:29  Overlord x2  
  173  18:42  Overlord  
  173  18:46  Extractor  
  173  18:47  Spore Crawler  
  171  18:51  Corruptor x8  
  177  18:55  Drone x2  
  173  19:02  Infestor  
  173  19:03  Infestor x2  
  179  19:15  Drone x2  
  179  19:16  Drone x5  
  185  19:26  Hatchery  
  185  19:27  Extractor  
  185  19:29  Extractor  
  182  19:46  Zerg Flyer Weapons Level 3  
  150  20:00  Spawning Pool  
  141  20:11  Brood Lord x14  
  169  20:26  Brood Lord  
  171  20:29  Infestor x4  
  171  20:42  Corruptor x3  
  177  20:54  Hatchery  
  177  20:55  Queen  
  177  20:56  Queen x3  
  184  20:57  Corruptor x3  
  190  21:06  Infestor  
  190  21:10  Zergling x8  
  190  21:11  Overlord  
  186  21:28  Zergling x24  
  185  21:36  Brood Lord x2  
  185  21:39  Zergling x14  
  196  21:46  Zergling x8  
  200  21:59  Zerg Missile Weapons Level 1  
  200  22:07  Overseer x4  
  200  22:16  Overlord  
  200  22:22  Overseer x5  
  200  22:23  Zerg Flyer Armor Level 3  
  200  22:40  Hatchery  
  199  22:44  Extractor x2  
  188  23:00  Queen x3  
  188  23:01  Ultralisk  
  200  23:19  Spore Crawler  
  198  23:37  Baneling Nest  
  187  24:01  Corruptor x3  
  183  24:07  Overlord x2  
  183  24:08  Overlord x4  
  183  24:09  Infestor x3  
  182  24:10  Overlord  
  180  24:19  Extractor  
  180  24:20  Hatchery  
  180  24:21  Extractor  
  177  24:29  Infestor x4  
  177  24:31  Baneling x13  
  185  24:34  Hatchery  
  182  24:40  Overseer  
  182  24:47  Overlord x2  
  182  25:05  Overlord x2  
  178  25:08  Brood Lord x5, Hatchery  
  178  25:10  Extractor  
  183  25:17  Baneling  
  183  25:18  Baneling x20  
  183  25:20  Zergling x4  
  183  25:21  Zergling x14, Infestor  
  192  25:22  Infestor x2  
  192  25:33  Viper  
  192  25:34  Corruptor x2  
  200  25:41  Infestor x3  
  179  25:43  Extractor  
  179  25:46  Extractor  
  156  26:00  Zergling x12  
Show
View Real Time Build Order
Export as new Build Order

Spirit Terran - Winner!

Build Orders: Command Center First (CC), Hellion Banshee 

Get SALT Encoding   

  12  0:00  SCV  
  13  0:12  SCV  
  14  0:17  Supply Depot  
  14  0:24  SCV  
  15  0:39  SCV  
  16  0:51  SCV  
  17  1:00  Command Center  
  17  1:03  SCV  
  18  1:14  Barracks  
  18  1:17  SCV  
  19  1:23  Refinery  
  19  1:29  SCV  
  20  1:32  Refinery  
  20  1:41  SCV  
  21  1:54  SCV  
  22  2:01  Reaper  
  22  2:06  Orbital Command  
  23  2:11  Orbital Command  
  23  2:21  Factory  
  23  2:24  Supply Depot  
  23  2:31  SCV  
  23  2:35  Barracks Reactor  
  24  2:37  SCV  
  24  2:43  SCV  
  26  2:49  SCV  
  27  2:55  SCV  
  27  2:57  Command Center  
  28  3:01  SCV  
  29  3:07  SCV, Starport  
  30  3:15  SCV  
  30  3:16  Hellion x2  
  36  3:20  SCV  
  36  3:21  Barracks Tech Lab  
  36  3:27  SCV  
  36  3:28  Supply Depot  
  36  3:32  SCV  
  38  3:38  Hellion x2  
  38  3:39  SCV  
  43  3:44  SCV  
  44  3:50  Banshee  
  44  3:51  Cloaking Field  
  44  3:52  SCV  
  48  3:55  Barracks Tech Lab  
  48  3:56  SCV  
  48  4:00  Hellion  
  48  4:02  Hellion  
  53  4:04  SCV  
  53  4:09  SCV  
  55  4:10  Orbital Command  
  55  4:14  Marine, Stimpack  
  55  4:16  SCV  
  57  4:21  SCV  
  57  4:22  Hellion  
  57  4:23  Hellion  
  62  4:26  Supply Depot  
  62  4:28  SCV  
  62  4:29  Supply Depot  
  63  4:34  Orbital Command, SCV, Banshee  
  68  4:40  SCV  
  68  4:43  Refinery x2  
  68  4:46  SCV  
  69  4:53  Barracks, SCV, Factory Reactor  
  69  4:54  Barracks  
  69  4:55  Engineering Bay  
  69  4:57  Engineering Bay  
  69  4:59  SCV  
  71  5:03  SCV  
  71  5:06  SCV  
  73  5:09  Supply Depot  
  73  5:11  SCV  
  74  5:15  SCV  
  74  5:18  Command Center  
  74  5:19  SCV  
  76  5:23  SCV  
  76  5:26  Terran Infantry Armor Level 1, Terran Infantry Weapons Level 1  
  76  5:27  SCV  
  78  5:31  SCV  
  78  5:33  Supply Depot, Starport Reactor  
  78  5:34  Marine  
  80  5:35  SCV  
  80  5:37  Siege Tank  
  80  5:39  SCV  
  85  5:44  SCV  
  85  5:45  Marine  
  85  5:46  Barracks Reactor  
  85  5:48  Marine  
  85  5:49  SCV  
  89  5:52  Bunker, Marine  
  89  5:54  SCV  
  89  5:56  Combat Shield, SCV, Supply Depot  
  92  5:58  Marine  
  92  6:01  SCV  
  92  6:03  Marine  
  95  6:05  Marine x2  
  95  6:09  Siege Tank  
  101  6:15  Supply Depot  
  101  6:17  Marine  
  101  6:18  Medivac x2, Marine  
  104  6:20  Marine  
  104  6:21  SCV, Supply Depot  
  108  6:27  Marine  
  109  6:33  Barracks, SCV x3  
  109  6:34  Barracks  
  109  6:37  Marine  
  109  6:39  Marine  
  113  6:41  Siege Tank  
  113  6:42  Refinery, Marine  
  113  6:43  Refinery  
  113  6:45  SCV  
  118  6:47  Armory  
  118  6:48  Missile Turret  
  118  6:49  Marine x2  
  120  6:54  Marine  
  120  6:55  SCV x2  
  120  6:57  SCV, Marine  
  120  7:00  Marine, Supply Depot  
  126  7:03  Planetary Fortress  
  126  7:06  Marine  
  126  7:07  SCV  
  128  7:12  Marine  
  128  7:13  Marine  
  128  7:14  Siege Tank  
  133  7:20  Marine  
  133  7:21  Barracks Reactor  
  133  7:22  Barracks Reactor  
  134  7:25  SCV x2  
  134  7:26  SCV  
  137  7:31  Medivac  
  139  7:38  SCV  
  139  7:39  Command Center  
  139  7:40  Marine x3  
  139  7:42  SCV  
  139  7:44  SCV  
  145  7:46  Siege Tank  
  145  7:48  Supply Depot  
  145  7:49  Terran Infantry Weapons Level 2  
  145  7:51  Supply Depot  
  148  7:54  Terran Infantry Armor Level 2  
  148  8:01  Supply Depot  
  148  8:05  Supply Depot x2  
  148  8:07  Marine x5  
  148  8:08  SCV x3  
  148  8:10  SCV  
  157  8:15  Factory  
  157  8:16  Sensor Tower  
  157  8:17  Missile Turret  
  157  8:18  Missile Turret  
  157  8:19  Marine  
  153  8:20  SCV x2  
  153  8:21  Missile Turret  
  153  8:22  SCV x2  
  153  8:26  Thor  
  156  8:32  SCV x2  
  156  8:34  SCV x2  
  154  8:40  Terran Vehicle Weapons Level 1  
  153  8:42  Barracks Tech Lab  
  153  8:43  Medivac x2  
  153  8:44  SCV  
  153  8:45  SCV  
  153  8:46  Hellion x8, SCV x2  
  160  8:51  Refinery  
  160  8:52  Refinery  
  160  8:57  Barracks  
  160  8:58  Barracks  
  160  8:59  Barracks  
  160  9:00  Ghost Academy  
  160  9:03  Factory Tech Lab  
  160  9:06  Missile Turret  
  160  9:08  Missile Turret  
  160  9:13  SCV, Medivac  
  160  9:14  Missile Turret  
  160  9:17  Thor  
  163  9:19  SCV  
  172  9:24  Siege Tank  
  172  9:26  Marine, Marauder  
  172  9:28  SCV, Missile Turret  
  172  9:29  Planetary Fortress  
  172  9:30  SCV, Missile Turret  
  174  9:34  SCV, Sensor Tower  
  174  9:35  SCV  
  176  9:38  Marine  
  176  9:39  Marauder  
  177  9:46  Barracks Tech Lab x2  
  177  9:47  Barracks Tech Lab  
  177  9:49  SCV  
  177  9:50  Missile Turret  
  177  9:51  Missile Turret  
  178  9:53  Missile Turret, Sensor Tower  
  178  9:55  Missile Turret  
  178  9:58  Missile Turret, Command Center  
  179  10:00  SCV, Missile Turret  
  179  10:01  Ghost  
  179  10:04  SCV, Siege Tank  
  179  10:08  Siege Tank  
  182  10:14  Marine, Marauder x2  
  182  10:16  Ghost  
  182  10:18  Refinery  
  182  10:19  Ghost  
  182  10:20  Refinery  
  191  10:27  Missile Turret  
  191  10:28  Missile Turret  
  191  10:30  Ghost  
  191  10:35  Ghost x2  
  173  10:45  Ghost, Siege Tank, Missile Turret  
  175  10:52  Siege Tank  
  175  10:53  Marine x4, Marauder  
  175  10:54  Command Center  
  184  10:59  Marauder  
  184  11:03  Ghost x2  
  180  11:10  Command Center  
  184  11:13  Ghost  
  186  11:20  Orbital Command, Sensor Tower  
  186  11:21  Command Center  
  186  11:26  Siege Tank  
  186  11:28  Personal Cloaking, Missile Turret  
  189  11:35  Medivac x2  
  195  11:46  Orbital Command  
  183  11:47  Missile Turret  
  184  11:55  SCV  
  184  11:56  Marine  
  184  11:58  Command Center  
  180  12:03  Marine, Marauder x5  
  180  12:06  Marine  
  192  12:08  Marine  
  192  12:09  Marine  
  192  12:14  Terran Infantry Weapons Level 3, SCV, Terran Infantry Armor Level 3  
  192  12:15  SCV x2  
  197  12:16  Orbital Command  
  197  12:24  Marauder  
  199  12:35  Command Center  
  199  12:36  Siege Tank  
  199  12:42  Command Center  
  199  12:46  Planetary Fortress  
  199  12:55  Command Center  
  199  13:05  Siege Tank  
  198  13:10  Siege Tank  
  197  13:37  Siege Tank  
  198  13:45  Planetary Fortress  
  198  13:48  Orbital Command  
  198  13:50  Command Center  
  198  13:51  Command Center  
  198  13:52  Orbital Command  
  193  13:56  Command Center  
  193  13:58  Command Center  
  181  14:03  Terran Vehicle Weapons Level 2  
  181  14:04  Nuke  
  181  14:06  Ghost Academy  
  181  14:08  Fusion Core  
  181  14:09  Starport  
  181  14:12  Refinery  
  181  14:16  Sensor Tower  
  181  14:18  Missile Turret  
  181  14:19  Sensor Tower  
  181  14:20  Orbital Command  
  181  14:21  Orbital Command  
  181  14:22  Sensor Tower  
  181  14:24  Missile Turret  
  181  14:29  Ghost x2  
  187  14:33  Sensor Tower  
  187  14:34  Refinery  
  187  14:35  Marauder x3  
  189  14:41  Enhanced Shockwaves  
  189  14:50  Neosteel Armor  
  189  14:51  Hi-Sec Auto Tracking  
  189  14:53  Missile Turret  
  189  14:56  Marauder x3  
  189  14:58  Siege Tank  
  189  14:59  Marine  
  174  15:00  Marauder  
  174  15:01  Marine x5, Marauder  
  178  15:09  Siege Tank  
  181  15:17  Marine  
  181  15:18  Marauder x3  
  181  15:19  Marine  
  181  15:20  Medivac, Starport Reactor  
  190  15:21  Marauder  
  190  15:22  Marauder  
  190  15:26  Orbital Command  
  192  15:30  Siege Tank  
  192  15:32  Advanced Ballistics, Concussive Shells  
  192  15:34  Nuke  
  195  15:37  Planetary Fortress  
  195  15:39  Marauder x2  
  199  15:43  Marine  
  199  15:44  Marine x4  
  194  15:58  Liberator x2  
  194  16:00  Nuke  
  189  16:26  Ghost  
  189  16:27  Ghost x4  
  189  16:32  Siege Tank  
  198  16:57  Command Center  
  198  16:58  Terran Vehicle Weapons Level 3  
  198  16:59  Ghost Academy, Nuke  
  198  17:00  Command Center  
  198  17:06  Ghost x5  
  188  17:34  Ghost  
  188  17:35  Ghost x4  
  198  17:48  Command Center  
  200  18:07  Nuke x2  
  200  18:09  Armory  
  200  18:11  Factory x2  
  198  18:18  Thor x2  
  197  18:27  Ghost  
  199  18:35  Nuke  
  199  18:37  Missile Turret  
  199  18:51  Missile Turret  
  199  18:52  Missile Turret x2  
  199  18:53  Missile Turret  
  199  19:00  Missile Turret  
  199  19:14  Factory Tech Lab x2  
  199  19:16  Thor  
  196  19:18  Refinery  
  196  19:20  Refinery  
  196  19:24  Command Center  
  196  19:28  Medivac x2  
  200  19:59  Ghost x3  
  175  20:00  Thor x2  
  175  20:01  Thor  
  185  20:07  Medivac x4  
  193  20:26  Missile Turret, Sensor Tower  
  193  20:30  Terran Vehicle And Ship Armor Level 1  
  193  20:31  Terran Ship Weapons Level 1  
  193  20:37  Liberator  
  193  20:38  Planetary Fortress  
  196  20:48  Command Center  
  196  20:51  Orbital Command, Command Center  
  196  21:04  Nuke  
  192  21:08  Planetary Fortress  
  192  21:19  Thor  
  192  21:23  Refinery  
  179  21:25  Thor  
  179  21:26  Ghost x4  
  179  21:27  Ghost  
  175  21:34  Thor x2  
  184  21:40  Viking x2  
  184  21:41  Viking x2  
  180  21:55  Ghost x4  
  190  22:02  Thor  
  194  22:08  Thor  
  194  22:12  Orbital Command  
  194  22:13  Orbital Command  
  200  22:17  Barracks  
  200  22:19  Barracks  
  200  22:21  Barracks x2  
  200  22:32  Orbital Command  
  200  22:58  Terran Vehicle And Ship Armor Level 2, Terran Ship Weapons Level 2  
  200  23:14  Barracks Tech Lab x4  
  200  23:17  Missile Turret  
  200  23:20  Sensor Tower  
  200  23:21  Refinery  
  197  23:38  Ghost  
  197  23:40  Missile Turret  
  198  23:41  Ghost  
  198  23:44  Ghost  
  198  23:52  Ghost  
  189  24:04  Ghost x2  
  188  24:10  Ghost  
  188  24:15  Liberator x4  
  184  24:24  SCV x7  
  184  24:26  Planetary Fortress  
  184  24:31  Planetary Fortress  
  189  24:35  Refinery  
  189  24:36  Siege Tank  
  189  24:37  Siege Tank  
  195  24:57  Refinery, Missile Turret  
  195  24:58  Liberator  
  195  24:59  Refinery, Sensor Tower  
  198  25:11  Orbital Command  
  198  25:12  Liberator x2  
  199  25:25  Command Center  
  183  25:54  Ghost  
  183  25:55  Ghost  
  144  26:08  Marine x3  
  128  26:11  Marine x5, Marauder x2  
Tags
 
Add a new tag
Caveats
  • Supply blocks, unpowered buildings, or Contaminate may cause inaccurate times.
  • Supply counts are checked every 10 seconds.